 Dungeon Crawl Stone Soup version 0.17-a0-1900-g45e8110 (webtiles) character file.

1033 tp1 the Thaumaturge (level 8, -10/41 HPs)
             Began as a Deep Elf Conjurer on Sept 24, 2015.
             Was a Believer of Vehumet.
             Shot with an arrow by a centaur (19 damage)
             ... on level 6 of the Dungeon.
             The game lasted 01:08:16 (5574 turns).

tp1 the Thaumaturge (Deep Elf Conjurer)             Turns: 5574, Time: 01:08:16

Health: -10/41     AC:  2    Str:  7    XL:     8   Next: 3%
Magic:  4/24       EV: 13    Int: 21    God:    Vehumet [**....]
Gold:   240        SH:  0    Dex: 15    Spells: 5 memorised, 15 levels left

rFire  + . .     SeeInvis .     (no weapon)
rCold  + . .     Clarity  .     y - +0 robe
rNeg   . . .     SustAt   .     (no shield)
rPois  +         Gourm    .     (no helmet)
rElec  +         Spirit   .     (no cloak)
rCorr  +         Warding  .     (no gloves)
rMut   .         Stasis   .     (no boots)
MR     .....                    u - amulet of regeneration
Stlth  ++........               (no ring)
                                (no ring)

@: resistant, very slightly contaminated, not resistant to hostile enchantments,
unstealthy
A: no striking features
a: Renounce Religion


You were on level 6 of the Dungeon.
You worshipped Vehumet.
Vehumet was pleased with you.
You were not hungry.

You visited 2 branches of the dungeon, and saw 8 of its levels.

You collected 240 gold pieces.

Inventory:

Armour
 a - a +0 robe
 y - a +0 robe (worn)
Jewellery
 e - an uncursed amulet of faith
 u - an amulet of regeneration (around neck)
 A - an uncursed amulet of rage {unknown}
 D - an uncursed ring of sustain attributes {unknown}
Scrolls
 h - 2 scrolls of identify {unknown}
 i - 5 scrolls of remove curse
 l - a scroll of immolation {unknown}
 q - a scroll of fear {unknown}
 r - a scroll of recharging {unknown}
 s - 3 scrolls of enchant weapon {unknown}
 t - a scroll of noise {unknown}
 v - 2 scrolls of enchant armour {unknown}
 x - a scroll of magic mapping {unknown}
 z - a scroll of teleportation {unknown}
Potions
 j - a potion of magic {unknown}
 m - a potion of lignification {unknown}
 n - 2 potions of poison {unknown}
 o - 4 potions of curing {unknown}
 p - a potion of mutation {unknown}
 w - a potion of brilliance {unknown}
 C - a potion of agility {unknown}
Books
 b - a book of Conjurations

   Spells                             Type                      Level
   a - Magic Dart                     Conjuration                  1
   b - Searing Ray                    Conjuration                  2
   c - Dazzling Spray                 Conjuration/Hexes            3
   d - Fulminant Prism                Conjuration/Hexes            4
   e - Iskenderun's Mystic Blast      Conjuration                  4
   f - Iskenderun's Battlesphere      Conjuration/Charms           5
Comestibles
 c - 2 bread rations
 f - 3 slices of pizza
 g - 2 meat rations
 B - a royal jelly


   Skills:
 - Level 2.6 Dodging
 - Level 2.6 Stealth
 - Level 10.0 Spellcasting
 + Level 5.9 Conjurations
 - Level 3.6 Hexes
 * Level 4.0 Charms


You had 15 spell levels left.
You knew the following spells:

 Your Spells              Type           Power        Failure   Level  Hunger
a - Magic Dart            Conj           ####         1%          1    None
b - Searing Ray           Conj           #####.       1%          2    None
c - Dazzling Spray        Conj/Hex       ####....     2%          3    None
d - Sting                 Conj/Pois      ###.         1%          1    None
e - Iskenderun's Battles  Conj/Chrm      ####....     28%         5    ####...


Dungeon Overview and Level Annotations

Branches:
Dungeon (7/15)             Temple (1/1) D:5

Altars:
Ashenzari
Cheibriados
Dithmenos
Elyvilon
Fedhas
Gozag
Kikubaaqudgha
Makhleb
Okawaru
Ru
Sif Muna
Trog
Vehumet
Xom
Yredelemnul
Zin

Shops:
D:4 [

Annotations:
D:3 Sigmund
D:7 Pikel


Message History

Found 12 gold pieces.
You see here an arrow.
You hit the goblin zombie but do no damage.
The centaur shoots an arrow.
The arrow hits you!
* * * LOW HITPOINT WARNING * * *
You hit the goblin zombie.
The centaur shoots an arrow.
The arrow closely misses you. The goblin zombie closely misses you.
Drink which item? (? for menu, Esc to quit)
You feel much better.
The centaur shoots an arrow.
The arrow hits you! The goblin zombie closely misses you.
Drink which item? (? for menu, Esc to quit)
You feel protected.
The goblin zombie hits you but does no damage.
The centaur shoots an arrow.
The arrow hits you!
* * * LOW HITPOINT WARNING * * *
A kobold skeleton comes into view.
The centaur shoots an arrow.
The arrow closely misses you.
You see here an arrow.
The centaur shoots an arrow.
The arrow hits you!!
You die...

........+.. ..$..
........... .c...
.......#... $....
........###.+####..#
.........###.#.....#
...............(...#..#
.....).......Z....#..#
####
....#..#####...###..#
#..# ###.#.##
#@....##..# #..## #...#
#......##..# #...# ##.##
#.......##..###...# #..#
#......###..##....##
#..##.......#
#..##......
##..#.......#
#.........#
#..........###.........#
##........###..###......
#........##..## #.....#


You could see a centaur and a goblin zombie.

Vanquished Creatures
  An ogre (D:6)
  A phantom (D:6)
  A giant frog (D:6)
  The ghost of emiel the Grave Robber, a weakling FoNe (D:6)
  A giant frog zombie (D:6)
  A crimson imp (D:6)
  5 hounds
  2 iguanas
  Ijyb (D:1)
  2 orc wizards (D:4)
  A centaur skeleton (D:5)
  4 worker ants
  A worker ant zombie (D:5)
  9 adders
  4 gnolls (D:5)
  An ooze (D:1)
  4 worms
  An adder skeleton (D:3)
  4 giant geckos
  13 orcs
  11 bats
  8 giant cockroaches
  7 hobgoblins
  10 jackals
  2 quokkas (D:2)
  3 ball pythons
  A ball python skeleton (D:4)
  5 giant newts
  7 goblins
  A hobgoblin zombie (D:6)
  9 kobolds
  A kobold zombie (D:6)
  A quokka skeleton (D:5)
  5 rats
129 creatures vanquished.

Vanquished Creatures (others)
  A hobgoblin (D:1)
  A quokka (D:6)
2 creatures vanquished.

Grand Total: 131 creatures vanquished

Notes
Turn   | Place    | Note
--------------------------------------------------------------
     0 | D:1      | tp1 the Deep Elf Conjurer began the quest for the Orb.
     0 | D:1      | Reached XP level 1. HP: 10/10 MP: 6/6
   126 | D:1      | Reached XP level 2. HP: 15/15 MP: 2/8
   467 | D:1      | Reached skill level 5 in Conjurations
   507 | D:1      | Reached XP level 3. HP: 19/19 MP: 3/10
   723 | D:2      | Learned a level 2 spell: Searing Ray
   727 | D:2      | Learned a level 3 spell: Dazzling Spray
   908 | D:2      | Noticed Ijyb
   940 | D:2      | Found a radiant altar of Vehumet.
   999 | D:1      | Killed Ijyb
   999 | D:1      | Reached skill level 5 in Spellcasting
   999 | D:1      | Reached XP level 4. HP: 11/24 MP: 3/13
  1164 | D:2      | Became a worshipper of Vehumet
  1426 | D:2      | Reached skill level 1 in Hexes
  1797 | D:3      | Acquired Vehumet's first power
  1797 | D:3      | Offered knowledge of Sting by Vehumet.
  2042 | D:3      | Reached skill level 6 in Spellcasting
  2101 | D:3      | Reached XP level 5. HP: 7/28 MP: 0/15
  2391 | D:3      | Learned a level 1 spell: Sting
  2397 | D:3      | Learned a level 5 spell: Iskenderun's Battlesphere
  2729 | D:3      | Found an iron altar of Okawaru.
  2769 | D:3      | Noticed Sigmund
  2973 | D:3      | Reached skill level 7 in Spellcasting
  3328 | D:4      | Offered knowledge of Freeze by Vehumet.
  3328 | D:4      | Reached XP level 6. HP: 24/32 MP: 10/18
  3401 | D:4      | Reached skill level 8 in Spellcasting
  3637 | D:4      | Found Zeivuirgh's Armour Emporium.
  3919 | D:5      | Entered Level 5 of the Dungeon
  4209 | D:5      | Reached skill level 9 in Spellcasting
  4209 | D:5      | Reached XP level 7. HP: 36/36 MP: 4/21
  4442 | D:5      | Found a sand-covered staircase.
  4598 | D:5      | Found a glowing silver altar of Zin.
  4855 | D:5      | Found a staircase to the Ecumenical Temple.
  4864 | Temple   | Entered the Ecumenical Temple
  4993 | D:6      | Reached skill level 10 in Spellcasting
  5195 | D:6      | Reached skill level 1 in Charms
  5261 | D:6      | Noticed emiel's ghost (weakling FoNe)
  5304 | D:7      | Noticed Pikel
  5313 | D:6      | Killed emiel's ghost
  5441 | D:6      | Found a white marble altar of Elyvilon.
  5554 | D:6      | Reached XP level 8. HP: 41/41 MP: 17/24
  5574 | D:6      | Shot with an arrow by a centaur

Vault maps used:
D:1:      shiori_arrival_oz
D:2:      lemuel_crystal_altar, first_bread, uniq_iyjb
D:3:      old_standard_altar, roderic_st_hans_cross, grunt_decor_resistance,
          kennysheep_decorative_pillar, minmay_misc_feat_doors, uniq_sigmund
D:4:      serial_shops, nicolae_shop_behind_doors
D:5:      lemuel_coloured_pillars_altar, nicolae_ossuary_entry_false_entrances
D:6:      nicolae_tso_besieged_by_evil, elyvilon_altar_4
D:7:      kennysheep_housing_project, enter_bailey_3, the_bakery,
          grunt_ashenzari_visionary, uniq_joseph, uniq_pikel
Temple:   circular_temple_13

Action                   |  1- 3 |  4- 6 |  7- 9 || total
-------------------------+-------+-------+-------++-------
Melee: Unarmed           |    10 |    26 |     2 ||    38
 Cast: Magic Dart        |    67 |   138 |    50 ||   255
       Dazzling Spray    |     5 |    30 |     9 ||    44
       Searing Ray       |     1 |    13 |     9 ||    23
       Iskenderun's Batt |       |       |     5 ||     5
       Sting             |       |       |     1 ||     1
  Use: Potion            |       |     2 |     2 ||     4
       Scroll            |       |     1 |       ||     1
  Eat: Bread ration      |       |     3 |     1 ||     4
